 Dungeon Crawl Stone Soup version 0.17-a0-1760-ga6756ae (webtiles) character file.

3133 KambridgeKobold the Jester (level 10, -1/53 HPs)
             Began as a Kobold Hunter on Sept 3, 2015.
             Was a Follower of Nemelex Xobeh.
             Slain by an orc warrior
             ... wielding a cursed -1 battleaxe
              (13 damage)
             ... on level 7 of the Dungeon.
             The game lasted 00:55:06 (10876 turns).

KambridgeKobold the Jester (Kobold Hunter)         Turns: 10876, Time: 00:55:07

Health: -1/53      AC: 16    Str: 14    XL:     10   Next: 14%
Magic:  17/17      EV: 14    Int:  9    God:    Nemelex Xobeh [*.....]
Gold:   213        SH:  0    Dex: 21    Spells: 0 memorised, 9 levels left

rFire  . . .     SeeInvis .     b - +0 short sword (freeze)
rCold  + . .     Clarity  .     o - +4 scale mail {rC+}
rNeg   . . .     SustAt   .     (shield restricted)
rPois  .         Gourm    .     s - +1 helmet
rElec  .         Spirit   .     n - +0 cloak
rCorr  .         Warding  .     (no gloves)
rMut   .         Stasis   .     (no boots)
MR     .....                    (no amulet)
Stlth  +++.......               (no ring)
                                z - +4 ring of strength

@: stone skin, not resistant to hostile enchantments, fairly stealthy
A: carnivore 3, slow healing 1
a: Renounce Religion


You were on level 7 of the Dungeon.
You worshipped Nemelex Xobeh.
Nemelex Xobeh was aware of your devotion.
You were full.

You visited 2 branches of the dungeon, and saw 9 of its levels.

You collected 283 gold pieces.
You spent 70 gold pieces at shops.

Inventory:

Hand weapons
 a - a +1 hand crossbow
 b - a +0 short sword of freezing (weapon)
 i - a +0 short sword
 m - a +0 flail
 x - a +2 short sword
 E - a +1 dagger of protection
Missiles
 c - 31 bolts
Armour
 d - a +0 leather armour
 n - a +0 cloak (worn)
 o - a +4 scale mail of cold resistance (worn)
 q - a +0 scale mail of fire resistance
 s - a +1 helmet (worn)
Jewellery
 t - an uncursed ring of teleportation
 z - a +4 ring of strength (left hand)
Magical devices
 g - a wand of hasting (1)
Scrolls
 h - a scroll of teleportation
 k - a scroll of magic mapping
 l - 3 scrolls of recharging {unknown}
 p - 4 scrolls of remove curse
 r - a scroll of immolation
 v - a scroll of enchant armour {unknown}
 y - a scroll of enchant weapon {unknown}
 B - 2 scrolls of identify
 D - a scroll of fog {unknown}
Potions
 w - 2 potions of brilliance
Miscellaneous
 j - a plain deck of war {drawn: 2}
Comestibles
 e - 6 meat rations
 f - a royal jelly
 u - 2 chunks of flesh
 F - a slice of pizza


   Skills:
 - Level 2.1 Fighting
 - Level 7.2 Short Blades
 - Level 8.0 Crossbows
 + Level 1.5 Armour
 - Level 4.1 Dodging
 - Level 7.7 Stealth
 * Level 10.5 Evocations


You had 9 spell levels left.
You didn't know any spells.

Dungeon Overview and Level Annotations

Branches:
Dungeon (8/15)             Temple (1/1) D:5
   Lair: D:8-11

Altars:
Ashenzari
Cheibriados
Dithmenos
Elyvilon
Fedhas
Gozag
Kikubaaqudgha
Makhleb
Nemelex Xobeh
Qazlal
Sif Muna
Trog
Vehumet
Xom
Yredelemnul
Zin

Shops:
D:5 (*

Annotations:
D:8 Gorice's ghost, experienced FeWn


Innate Abilities, Weirdness & Mutations

You are small and have problems with some larger weapons.
You are carnivorous and can eat meat at any time.
You heal slowly when monsters are visible.


Message History

The orc warrior is moderately wounded.
The orc warrior barely misses you.
You hit the orc warrior.
The orc warrior is moderately wounded.
The orc warrior misses you.
Evoke which item? (* to show all) (? for menu, Esc to quit)
You draw a card...
It is Foxfire.
You swap places.
The orc warrior hits your insubstantial wisp with a battleaxe!
The orc warrior completely misses your insubstantial wisp.
Your insubstantial wisp hits the orc warrior. x2
Your insubstantial wisp blinks!
The orc warrior completely misses you.
The orc warrior misses your insubstantial wisp.
Your insubstantial wisp closely misses the orc warrior.
Evoke which item? (* to show all) (? for menu, Esc to quit)
You draw a card...
It is the Helm.
Your skin hardens.
The orc warrior hits you with a battleaxe!
You die...
Your body glows slightly and disappears.

#......'....#........#........
#..).###...##..((....###(....#
#....###...###'##......##o####
#..)............#......+..((..
#.........v.....#......#...(..
#...............+......#......
#...........ocv.#......#......
#....###+####o###......#...###
###'####...##@#.......###..8
#.............#.......# ##.#
#.............#.......# #..
#.............#.......# #.
#.............#.......#
#.............#.....<.#
#.............'.......#
#.....###+#####.......#
#.....##.........######


You could see an orc warrior, a centaur, an orc and 2 friendly insubstantial
wisps.

Vanquished Creatures
  Grinder (D:3)
  A wyvern (D:5)
  Eustachio (D:6)
  A warg (D:5)
  2 sky beasts
  A naga (D:5)
  An ice beast (D:5)
  An ogre (D:5)
  A slave (D:5)
  An orc warrior (D:7)
  2 centaurs
  3 giant frogs
  Blork the orc (D:5)
  A scorpion (D:4)
  4 killer bees (D:7)
  9 wights
  A quasit (D:6)
  2 hounds
  A crimson imp (D:6)
  A jelly (D:6)
  An orc priest (D:7)
  4 orc wizards
  7 worker ants
  Ijyb (D:3)
  3 iguanas
  Terence (D:2)
  Natasha (twice) (D:3)
  A killer bee zombie (D:8)
  A hound zombie (D:8)
  A hound skeleton (D:7)
  Robin (D:3)
  7 gnolls
  2 shadow imps
  9 adders
  A river rat (D:5)
  An adder skeleton (D:4)
  An adder zombie (D:5)
  4 worms
  4 giant geckos
  17 orcs
  7 bats
  11 giant cockroaches
  16 goblins
  12 hobgoblins
  5 quokkas
  A ball python (D:5)
  6 giant newts
  7 jackals
  A jackal skeleton (D:6)
  12 kobolds
  2 quokka skeletons
  10 rats
  A plant (D:2)
196 creatures vanquished.

Vanquished Creatures (others)
  A slave (D:5)
  A goblin (D:2)
  A bat (D:2)
  A giant newt (D:5)
  A kobold (D:2)
5 creatures vanquished.

Grand Total: 201 creatures vanquished

Notes
Turn   | Place    | Note
--------------------------------------------------------------
     0 | D:1      | KambridgeKobold the Kobold Hunter began the quest for the Orb.
     0 | D:1      | Reached XP level 1. HP: 12/12 MP: 1/1
    58 | D:1      | Reached skill level 5 in Crossbows
    83 | D:1      | Reached XP level 2. HP: 5/17 MP: 2/2
   718 | D:1      | Reached skill level 1 in Short Blades
   718 | D:1      | Reached XP level 3. HP: 21/21 MP: 3/3
  1382 | D:2      | Noticed Terence
  1417 | D:2      | Killed Terence
  1417 | D:2      | Reached XP level 4. HP: 17/26 MP: 4/4
  1804 | D:2      | Found a white marble altar of Elyvilon.
  1850 | D:2      | Found a radiant altar of Vehumet.
  1851 | D:2      | Found a burning altar of Makhleb.
  1962 | D:3      | Found a blossoming altar of Fedhas.
  2022 | D:3      | Reached XP level 5. HP: 30/30 MP: 5/5
  2308 | D:3      | Noticed Ijyb
  2319 | D:3      | Killed Ijyb
  2341 | D:3      | Noticed Robin
  2344 | D:3      | Killed Robin
  2354 | D:3      | Noticed Grinder
  2356 | D:3      | Paralysed by Grinder for 6 turns
  2501 | D:3      | Paralysed by Grinder for 2 turns
  2514 | D:3      | Paralysed by Grinder for 2 turns
  2519 | D:3      | Killed Grinder
  2519 | D:3      | Reached skill level 5 in Short Blades
  2519 | D:3      | Reached skill level 6 in Stealth
  2519 | D:3      | Reached XP level 6. HP: 35/35 MP: 6/6
  2519 | D:3      | Reached XP level 7. HP: 40/40 MP: 7/7
  2776 | D:3      | Noticed Natasha
  2786 | D:3      | Killed Natasha
  3100 | D:3      | Noticed Natasha
  3148 | D:3      | Killed Natasha
  3585 | D:4      | Reached skill level 7 in Stealth
  3976 | D:4      | Reached skill level 1 in Armour
  4363 | D:5      | Entered Level 5 of the Dungeon
  4410 | D:5      | Found a staircase to the Ecumenical Temple.
  4419 | Temple   | Entered the Ecumenical Temple
  4690 | Temple   | Became a worshipper of Nemelex Xobeh the Trickster
  4737 | D:5      | Found a shattered altar of Ashenzari.
  4776 | D:5      | Reached XP level 8. HP: 44/44 MP: 8/8
  4781 | D:5      | Received a gift from Nemelex Xobeh
  4810 | D:5      | Found Veoje's Weapon Boutique.
  4907 | D:5      | Reached skill level 1 in Evocations
  4977 | D:5      | Found Jiagodghe's Serpentskin Sales.
  5039 | D:5      | Bought a potion of poison for 14 gold pieces
  5208 | D:5      | Found a bloodstained altar of Trog.
  5254 | D:5      | Noticed Pikel
  5558 | D:5      | Noticed Blork the orc
  6176 | D:5      | Noticed Pikel
  6176 | D:5      | Pikel changed into Pikel the wyvern
  6198 | D:5      | Killed Pikel the wyvern
  6420 | D:5      | Reached skill level 5 in Evocations
  6961 | D:5      | Gained mutation: You expend magic power (3 MP) to strengthen your wands. [mutagenic meat]
  6962 | D:5      | Gained mutation: You heal slowly when monsters are visible. [mutagenic meat]
  6963 | D:5      | Gained mutation: You are surrounded by a mild repulsion field (EV +2). [mutagenic meat]
  6964 | D:5      | Gained mutation: You have sharp toenails. [mutagenic meat]
  7087 | D:5      | Killed Blork the orc
  7087 | D:5      | Reached XP level 9. HP: 48/48 MP: 10/13
  7398 | D:6      | Reached skill level 8 in Crossbows
  7935 | D:6      | Noticed Eustachio
  7993 | D:6      | HP: 1/48 [iguana (11)]
  7994 | D:6      | Killed Eustachio
  8822 | D:5      | Bought 20 bolts for 56 gold pieces
  8996 | D:7      | Reached skill level 9 in Evocations
  9415 | D:8      | Noticed Gorice's ghost (experienced FeWn)
  9722 | D:8      | Reached XP level 10. HP: 40/53 MP: 17/17
  9849 | D:7      | Received a gift from Nemelex Xobeh
  9870 | D:7      | Reached skill level 10 in Evocations
  9942 | D:7      | Lost mutation: You expend magic power (3 MP) to strengthen your wands. [potion of cure mutation]
  9942 | D:7      | Lost mutation: You have sharp toenails. [potion of cure mutation]
  9942 | D:7      | Lost mutation: You are surrounded by a mild repulsion field (EV +2). [potion of cure mutation]
  9949 | D:7      | HP: 3/79 [poisoned by a killer bee]
  9957 | D:7      | HP: 3/79 [poisoned by a killer bee]
 10876 | D:7      | Slain by an orc warrior

Vault maps used:
D:1:      dpeg_arrival_tiny_a, serial_bayou_crossing
D:2:      gammafunk_temple_overflow_statue, elyvilon_altar_4, first_bread,
          serial_bayou_ford_a, uniq_terence
D:3:      fedhas_altar_2, uniq_iyjb, uniq_grinder, uniq_natasha, uniq_robin
D:5:      ashenzari_altar_1, bloody_trog, minmay_temple_entry_mist,
          serial_shops, shop, guppyfry_shop_venom, uniq_blork_the_orc,
          uniq_pikel
D:6:      uniq_eustachio
D:7:      nrook_mini_vaults, lemuel_statue_altar, uniq_joseph,
          uniq_crazy_yiuf_cottage
D:8:      kennysheep_housing_project, nicolae_ru_path_of_blood, lair_0_dummy,
          serial_shops, kennysheep_mini_moat, hangedman_pestilent_swarm
Temple:   triangle_lava_temple_11

Action                   |  1- 3 |  4- 6 |  7- 9 | 10-12 || total
-------------------------+-------+-------+-------+-------++-------
Melee: Short sword       |    16 |       |   127 |   113 ||   256
       Dagger            |   202 |    34 |   844 |     3 ||  1083
 Fire: Hand crossbow     |    85 |   102 |   108 |    17 ||   312
 Abil: Evoke Teleportati |       |       |     4 |       ||     4
Evoke: Deck              |       |       |     8 |     2 ||    10
       Wand              |       |       |     2 |       ||     2
  Use: Scroll            |       |     4 |    10 |       ||    14
       Potion            |       |     1 |     3 |     3 ||     7
 Stab: Sleeping          |       |       |    15 |     1 ||    16
  Eat: Chunk             |    10 |     4 |    29 |     1 ||    44
